 Dungeon Crawl Stone Soup version 0.29.0-4-gdea44cf6ec (webtiles) character file.

Game seed: 13453820555925146759

20 qw the Sneak (level 2, -1/19 HPs)
             Began as a Gargoyle Delver on Sept 10, 2022.
             Slain by a goblin
             ... wielding a +0 dagger
             ... led by Robin
              (5 damage)
             ... on level 4 of the Dungeon.
             The game lasted 00:00:05 (250 turns).

qw the Sneak (Gargoyle Delver)                       Turns: 250, Time: 00:00:05

Health: -1/19      AC:  5    Str: 15    XL:     2   Next: 79%
Magic:  2/2        EV: 11    Int: 10    God:
Gold:   18         SH:  0    Dex: 11    Spells: 1/1 levels left

rFire   . . .      SeeInvis .   a - +0 hand axe
rCold   . . .      Faith    .   (no shield)
rNeg    + . .      Spirit   .   b - +0 leather armour
rPois   inf        Reflect  .   (no helmet)
rElec   +          Harm     .   (no cloak)
rCorr   .          Rampage  .   (no gloves)
Will    .....                   (no boots)
Stlth   +++.......              (no amulet)
HPRegen 0.06/turn               (no ring)
MPRegen 0.08/turn               (no ring)

@: no status effects
A: sickness immunity, AC +2, negative energy resistance 1, electricity
resistance, torment resistance 1, petrification resistance
a: no special abilities


You were on level 4 of the Dungeon.
You visited 1 branch of the dungeon, and saw 2 of its levels.

You collected 18 gold pieces.


Innate Abilities, Weirdness & Mutations

You are immune to sickness and miasma.
Your stone body is resilient. (AC +2)
You are immune to poison.
You resist negative energy. (rN+)
You are resistant to electric shocks. (rElec)
You are resistant to unholy torment.
You are immune to petrification.


   Skills:
 - Level 3.2 Fighting
 + Level 2.9 Axes
 - Level 1.5 Dodging
 - Level 5.4 Stealth


You had one spell level left.
You didn't know any spells.
Your spell library was empty.

Inventory:

Hand Weapons
 a - a +0 hand axe (weapon)
Armour
 b - a +0 leather armour (worn)
Wands
 g - a wand of digging (3)
Potions
 f - a potion of haste

Dungeon Overview and Level Annotations

Branches:
Dungeon (5/15)
 Temple: D:4-7

Altars:
Ashenzari

Annotations:
D:4 Robin


Message History

The goblin hits you but does no damage. The goblin barely misses you. x2
The goblin closely misses you.
The goblin hits you but does no damage. x2
You closely miss the goblin.
The goblin is heavily wounded.
You hit the goblin but do no damage. You hit the goblin.
You kill the goblin!
You hit the goblin. You closely miss the goblin. x2
The goblin misses you. The goblin hits you but does no damage.
The goblin closely misses you. The goblin hits you but does no damage.
Robin roars a battlecry!
The goblins go into a battle-frenzy!
The goblin barely misses you. x2; The goblin hits you but does no damage.
The goblin closely misses you.
Robin hits you from afar with a +0 spear.
The goblin barely misses you.
You barely miss the goblin.
The goblin is heavily wounded.
You hit the goblin but do no damage. x2; You hit the goblin.
You kill the goblin!
You barely miss the goblin. The goblin hits you with a +0 club.
The goblin hits you but does no damage. Robin throws the goblin at you!
The goblin barely misses you. x2
You hit the goblin but do no damage.
The goblin is heavily wounded.
You hit the goblin.
You kill the goblin!
You hit the goblin. x2
The goblin hits you with a +0 dagger. The goblin closely misses you.
Robin completely misses you. The goblin hits you but does no damage.
You hit the goblin.
You kill the goblin!
You closely miss the goblin. You barely miss the goblin.
The goblin completely misses you. The goblin closely misses you.
Robin hits you but does no damage.
You barely miss the goblin.
The goblin is severely wounded.
You hit the goblin.
You kill the goblin!
The goblin hits you with a +0 dagger.
You die...

############
##........<<#
##............
#...........!.
#....)))......
#....)@)g.....
#....g))......
#..>..........
##............
##..........#
############


You could see Robin and a goblin (strong).

Vanquished Creatures
  An adder (D:5)
  9 goblins (D:4)
  A hobgoblin zombie (D:5)
11 creatures vanquished.

Notes
Turn   | Place    | Note
-------+----------+-------------------------------------------
     0 | D:5      | qw the Gargoyle Delver began the quest for the Orb.
     0 | D:5      | Reached XP level 1. HP: 14/14 MP: 1/1
     0 | D:5      | 0 ||| qw: Version: 0.1-a-117-gfe26ee0
     0 | D:5      | 0 ||| qw: Game counter: 9552
     0 | D:5      | 0 ||| qw: Always use a shield: true
     0 | D:5      | 0 ||| qw: God list: Okawaru
     0 | D:5      | 0 ||| qw: Allow faded altars: false
     0 | D:5      | 0 ||| qw: Do Orc after D:15 true
     0 | D:5      | 0 ||| qw: Do second Lair branch before Depths: true
     0 | D:5      | 0 ||| qw: Lair rune preference: random
     0 | D:5      | 0 ||| qw: Plans: Normal
     0 | D:5      | 0 ||| PLANNING D:1-11
    31 | D:5      | Reached XP level 2. HP: 12/19 MP: 2/2
   172 | D:5      | Found a broken altar of Ashenzari.
   230 | D:5      | 230 ||| DROPPING scroll of fog.
   231 | D:5      | 231 ||| DROPPING scroll of magic mapping.
   232 | D:5      | 232 ||| DROPPING scroll of fear.
   239 | D:4      | Noticed Robin
   248 | D:4      | HP: 4/19 [goblin/+0 dagger[Robin] (2)]
   250 | D:4      | Slain by a goblin

Levels and vault maps discovered:
D:4:      layout_rooms, kiku_gazebo_garden_becter, makhleb_altar_promises_db,
          dreamdust_princess_corridor, uniq_robin
D:5:      layout_basic, nicolae_wu_jian_immortal_techniques, ashenzari_altar_1,
          minmay_temple_entry_glass, minmay_mini_ossuary

Skill      XL: |  1 |
---------------+----+-----
Axes           | 2 |  2.9
Fighting       | |  3.2
Dodging        | |  1.5
Stealth        | |  5.4

Action                   || total
-------------------------++-------
Melee: Hand axe          ||    18
Armor: Leather armour    ||    14
Dodge: Dodged            ||    23

Table legend:
 A = Non-vault XP
 B = Vault XP
 C = Vault XP percentage of total XP
 D = Non-vault monster count
 E = Vault monster count
 F = Vault count percentage of total count
                 A         B        C        D         E       F
            +---------+---------+-------+---------+---------+-------
      Total |      13 |      18 |  58.1 |       1 |      10 |  90.9
            +---------+---------+-------+---------+---------+-------
        D:4 |       0 |      17 | 100.0 |       0 |       9 | 100.0
        D:5 |      13 |       1 |   7.1 |       1 |       1 |  50.0
            +---------+---------+-------+---------+---------+-------
